 Dungeon Crawl Stone Soup version 0.22-a0-284-g99d1f74 (webtiles) character file.

45337 kidcy the Basher (level 14, -3/129 HPs)
             Began as a Hill Orc Fighter on Mar 21, 2018.
             Was the Champion of Elyvilon.
             Killed from afar by a rime drake (19 damage)
             ... with a flash freeze
             ... summoned by a boggart
             ... on level 6 of the Lair of Beasts on Mar 22, 2018.
             The game lasted 01:03:52 (25353 turns).

kidcy the Basher (Hill Orc Fighter)                Turns: 25353, Time: 01:03:52

Health: -3/129     AC: 23    Str: 24      XL:     14   Next: 32%
Magic:  22/22      EV:  7    Int:  7 (8)  God:    Elyvilon [******]
Gold:   576        SH: 13    Dex: 10      Spells: 13/13 levels left

rFire    . . .     SeeInvis .   e - +2 whip (venom)
rCold    . . .     Gourm    .   c - +0 shield
rNeg     . . .     Faith    .   F - +0 plate armour
rPois    +         Spirit   .   w - +1 helmet
rElec    .         Reflect  .   (no cloak)
rCorr    .         Harm     .   E - +1 pair of gloves
MR       +....                  (no boots)
Stlth    ..........             J - amulet of the acrobat
HPRegen  0.31/turn              B - +3 ring of protection
MPRegen  0.18/turn              t - ring of poison resistance

@: no status effects
A: no striking features
a: Lesser Healing, Heal Other, Purification, Greater Healing, Divine Vigour,
Divine Protection, Renounce Religion


You were on level 6 of the Lair of Beasts.
You worshipped Elyvilon.
Elyvilon was exalted by your worship.
You were not hungry.

You visited 2 branches of the dungeon, and saw 15 of its levels.
You also visited: Sewer and Ice Cave.

You collected 974 gold pieces.
You spent 398 gold pieces at shops.

Inventory:

Hand Weapons
 a - a +0 long sword
 e - a +2 whip of venom (weapon)
 Q - the +9 lance "Wyrmbane" {slay drac, rPois rF+ rC+ AC+3}
   (You found it in an ice cave)

   It affects your AC (+3).
   It protects you from fire.
   It protects you from cold.
   It protects you from poison.
Armour
 b - a +1 hat of intelligence
 c - a +0 shield (worn)
 w - a +1 helmet (worn)
 E - a +1 pair of gloves (worn)
 F - a +0 plate armour (worn)
 O - a +0 buckler of cold resistance
Jewellery
 j - a +1 ring of protection
 m - an uncursed ring of ice
 p - a +4 ring of strength
 q - an uncursed ring of resist corrosion
 t - a ring of poison resistance (right hand)
 v - a +3 ring of intelligence
 x - an uncursed ring of protection from fire
 B - a +3 ring of protection (left hand)
 J - an amulet of the acrobat (around neck)
 K - an uncursed amulet of the gourmand
 M - a +4 ring of protection
Wands
 L - a wand of flame (25)
 N - a wand of digging (11)
 P - a wand of enslavement (15)
Scrolls
 g - 4 scrolls of amnesia
 i - 6 scrolls of remove curse
 k - 2 scrolls of identify
 n - 3 scrolls of fear
 u - a scroll of blinking
 I - 2 scrolls of fog
Potions
 h - 4 potions of curing
 o - 2 potions of mutation
 r - a potion of berserk rage
 s - 4 potions of haste
 z - a potion of brilliance
 C - a potion of lignification
 D - 2 potions of agility
Miscellaneous
 y - a phial of floods
 A - a phial of floods
Comestibles
 d - a ration


   Skills:
 + Level 13.3 Fighting
 - Level 2.3 Long Blades
 * Level 13.9 Maces & Flails
 + Level 12.3 Armour
 + Level 12.4 Shields
 + Level 10.8 Invocations


You had 13 spell levels left.
You didn't know any spells.

Dungeon Overview and Level Annotations

Branches:
Dungeon (9/15)             Temple (0/1) D:5            Lair (6/6) D:8
  Swamp (0/4) Lair:3       Spider (0/4) Lair:3        Slime (0/5) Lair:6
    Orc: D:9-12

Altars:
Ashenzari
Cheibriados
Dithmenos
Elyvilon
Fedhas
Gozag
Hepliaklqana
Kikubaaqudgha
Okawaru
Trog
Uskayaw
Xom
Zin
Jiyva

Shops:
D:4 =   D:6 ==%((   D:7 !

Annotations:
D:4 exclusion: downstairs
D:8 exclusion: downstairs
Lair:2 2 transporters
Lair:6 1 runed door


Message History

You hit the polar bear.
The polar bear is almost dead.
Your plate armour prevents you from hitting the polar bear.
The polar bear is almost dead.
The polar bear barely misses you. You block the polar bear's attack.
The polar bear closely misses you.
You hit the polar bear.
The polar bear looks as sick as possible!
The polar bear is almost dead.
You block the polar bear's attack.
The polar bear claws you but does no damage.
You block the polar bear's attack.
You hit the polar bear.
You kill the polar bear!
You hear some strange, mumbled words. x2
Your plate armour prevents you from hitting the rime drake.
You closely miss the rime drake. The rime drake breathes ice at you.
The flash freeze hits you!
You die...

,,,**,*,,* ###.†.##.#.##.
,.P##*,,,##
##.†####..####
*...#*,,##.#
#.#).#*,.#....
*...#*,..##.#
###..##*,%.)..
##..#*#.#,*#.#
#.P...#***....
#...##..#** #.# #..†.##
*#... #..P....## #.#
#{...## *..P .....#...#
#.###....P.## ##..
.....PP.## #@#.#......#
*#... .....P.PP##
##k###h†..## *,#..
.....PPPPP###
##§###...P## *##..
......P...#P###h## ##...#
#...
.....<<......#.†####...P#
#...
##..#).......##).......##
##..
##..##..................#
#...
.##.P#........h.....P####
#...
###.##...###...#.#....#
##..


You could see a rime drake.

Vanquished Creatures
  A storm dragon (Lair:6)
  Josephine (Lair:4)
  Harold (Lair:4)
  Fannar (Lair:1)
  A catoblepas (Lair:6)
  A hydra (Lair:4)
  2 two-headed ogres (D:8)
  An alligator (Lair:3)
  A wolf spider (D:8)
  Joseph (D:8)
  4 black mambas
  2 ice statues (IceCv)
  The ghost of Arum the Chopper, a novice MiGl of Ashenzari (D:5)
  10 elephants
  7 spiny frogs
  3 rime drakes
  6 komodo dragons
  10 ice devils (IceCv)
  A troll (D:9)
  4 jumping spiders (Lair:3)
  2 hornets (Lair:6)
  2 polar bears (Lair:6)
  2 tyrant leeches (Lair:3)
  13 blink frogs
  12 hippogriffs
  A redback (Lair:3)
  20 yaks
  6 spriggans
  4 wraiths (Lair:4)
  2 basilisks
  A hungry ghost (D:8)
  6 humans
  Edmund (D:8)
  A swamp worm (Lair:3)
  3 wargs (D:8)
  9 water moccasins
  13 porcupines
  3 black bears
  Purgy (Sewer)
  An orc warrior (D:8)
  A sky beast (D:6)
  A necrophage (D:8)
  12 ice beasts
  A phantom (D:6)
  7 ogres
  3 centaurs
  15 crocodiles
  26 wolves
  The ghost of grindst0ne the Magician, an amateur DEEE (D:3)
  A gnoll sergeant (D:9)
  17 bullfrogs
  2 scorpions
  A wyvern skeleton (D:8)
  14 killer bees (D:8)
  8 wights (D:9)
  4 howler monkeys
  An electric eel (Lair:5)
  2 crimson imps
  2 bullfrog zombies
  12 hounds
  A jelly (D:8)
  10 orc priests
  7 orc wizards
  2 iguanas
  Natasha (thrice) (D:2)
  10 worker ants
  A killer bee zombie (D:7)
  A hound skeleton (D:6)
  11 gnolls
  8 adders
  2 river rats (D:4)
  3 shadow imps
  5 white imps (IceCv)
  7 ufetubi (IceCv)
  2 oozes (D:3)
  4 worms
  2 dart slugs
  3 leopard geckos
  25 orcs
  10 bats
  5 giant cockroaches
  10 goblins
  6 hobgoblins
  8 jackals
  10 kobolds
  6 quokkas
  2 ball pythons
  5 frilled lizards
  A jackal zombie (D:7)
  A leopard gecko zombie (D:7)
  12 rats
  A bush (Lair:2)
477 creatures vanquished.

Vanquished Creatures (others)
  A reaper (IceCv)
  A bullfrog (D:9)
  2 white imps (IceCv)
  5 ufetubi (IceCv)
  A bush (Lair:6)
  20 fungi
  6 plants (Lair:6)
36 creatures vanquished.

Grand Total: 513 creatures vanquished

Notes
Turn   | Place    | Note
-------+----------+-------------------------------------------
     0 | D:1      | kidcy the Hill Orc Fighter began the quest for the Orb.
     0 | D:1      | Reached XP level 1. HP: 19/19 MP: 1/1
   171 | D:1      | Reached XP level 2. HP: 27/27 MP: 2/2
   389 | D:1      | Reached skill level 1 in Maces & Flails
   742 | D:2      | Reached XP level 3. HP: 23/33 MP: 3/3
   993 | D:2      | Reached XP level 4. HP: 40/40 MP: 4/4
  1092 | D:2      | Found a shattered altar of Ashenzari.
  1094 | D:2      | Noticed Natasha
  1220 | D:3      | Noticed grindst0ne's ghost (amateur DEEE)
  1248 | D:2      | Killed Natasha
  1470 | D:2      | Reached XP level 5. HP: 35/47 MP: 5/5
  1601 | D:2      | Noticed Natasha
  1610 | D:2      | Killed Natasha
  1724 | D:2      | Noticed Natasha
  1732 | D:2      | Killed Natasha
  1932 | D:3      | Reached XP level 6. HP: 53/53 MP: 6/6
  1954 | D:3      | Killed grindst0ne's ghost
  2264 | D:3      | Reached skill level 5 in Fighting
  2477 | D:3      | Found an opulent altar of Gozag.
  2501 | D:3      | Found a snail-covered altar of Cheibriados.
  2594 | D:3      | Found a faded altar of an unknown god.
  2686 | D:3      | Found a white marble altar of Elyvilon.
  2691 | D:3      | Became a worshipper of Elyvilon the Healer
  2802 | D:4      | Found a shadowy altar of Dithmenos.
  2857 | D:4      | Found an ancient bone altar of Kikubaaqudgha.
  2877 | D:4      | Found an iron altar of Okawaru.
  2887 | D:4      | Found Toumy's Jewellery Shop.
  2929 | D:4      | Reached XP level 7. HP: 52/61 MP: 7/7
  2937 | D:4      | Found a glowing drain.
  2941 | Sewer    | Entered a sewer
  3031 | Sewer    | Reached * piety under Elyvilon
  3031 | Sewer    | Noticed Purgy
  3036 | Sewer    | Killed Purgy
  3154 | D:4      | Reached skill level 5 in Maces & Flails
  3266 | D:4      | Reached skill level 5 in Shields
  3378 | D:4      | Found a glowing silver altar of Zin.
  3874 | D:5      | Entered Level 5 of the Dungeon
  3900 | D:5      | Reached skill level 5 in Armour
  4031 | D:5      | Reached ** piety under Elyvilon
  4106 | D:5      | Noticed Arum's ghost (novice MiGl)
  4315 | D:5      | Reached XP level 8. HP: 57/70 MP: 8/8
  4735 | D:5      | Killed Arum's ghost
  4876 | D:5      | Found a staircase to the Ecumenical Temple.
  5247 | D:6      | Reached skill level 1 in Invocations
  5283 | D:6      | Reached XP level 9. HP: 61/78 MP: 8/10
  5377 | D:6      | Found Zoigom's Jewellery Boutique.
  5382 | D:6      | Bought an uncursed ring of poison resistance for 300 gold pieces
  5387 | D:6      | Reached *** piety under Elyvilon
  5404 | D:6      | Found Zaovey's Jewellery Shoppe.
  5533 | D:6      | Found Gemolome's Weapon Shop.
  5618 | D:6      | Found Ocaakes's Food Shop.
  5815 | D:6      | Found Nosavo's Weapon Emporium.
  6192 | D:7      | Found Hitse's Distillery.
  6198 | D:7      | Bought a potion of curing for 42 gold pieces
  6198 | D:7      | Bought a potion of might for 56 gold pieces
  6530 | D:7      | Found a sand-covered staircase.
  7127 | D:8      | Found a runed door.
  7137 | D:8      | Noticed Edmund
  7461 | D:8      | Reached XP level 10. HP: 70/88 MP: 13/13
  7490 | D:8      | Reached skill level 5 in Invocations
  7695 | D:8      | Killed Edmund
  7696 | D:8      | Found a runed door.
  7820 | D:8      | Found a runed door.
  7823 | D:8      | Found a runed door.
  7828 | D:8      | Found a runed door.
  7849 | D:8      | Found a blossoming altar of Fedhas.
  7942 | D:8      | Reached skill level 10 in Maces & Flails
  8895 | D:8      | Noticed a two-headed ogre
  8944 | D:8      | Killed a two-headed ogre
  8944 | D:8      | Reached XP level 11. HP: 69/97 MP: 15/15
  9094 | D:8      | Noticed a two-headed ogre
  9119 | D:8      | Killed a two-headed ogre
  9312 | D:8      | Found a staircase to the Lair.
  9630 | D:8      | Found a hazy altar of Hepliaklqana.
  9631 | D:8      | Found a shimmering altar of Xom.
  9686 | D:8      | Found a hide-covered altar of Uskayaw.
  9690 | D:8      | Noticed a dagger
  9691 | D:8      | Noticed a hand axe
 10244 | D:8      | Noticed Joseph
 10265 | D:8      | Killed Joseph
 10398 | D:9      | Noticed a two-headed ogre
 10399 | D:9      | Noticed a wolf spider
 10399 | D:9      | a two-headed ogre changed into a wolf spider
 10411 | D:8      | Killed a wolf spider
 11686 | D:9      | Noticed a moth of wrath
 11696 | D:9      | Found a bloodstained altar of Trog.
 11776 | D:9      | Noticed a two-headed ogre
 12008 | D:9      | Reached skill level 10 in Fighting
 12037 | D:9      | HP: 4/99 [two-headed ogre/giant club (19)]
 12628 | Lair:1   | Entered Level 1 of the Lair of Beasts
 12655 | Lair:1   | Reached **** piety under Elyvilon
 13502 | Lair:1   | Noticed Fannar
 13527 | Lair:1   | Killed Fannar
 13527 | Lair:1   | Reached XP level 12. HP: 82/107 MP: 16/16
 14133 | Lair:2   | Found a transporter.
 14175 | Lair:2   | Found a transporter.
 14496 | Lair:2   | Got a transparent shortbow
 14497 | Lair:2   | Identified the +9 shortbow of Obsession {speed, rPois Str+4 Int+3} (You found it on level 2 of the Lair of Beasts)
 14597 | Lair:2   | Reached skill level 10 in Shields
 14631 | Lair:2   | Reached skill level 10 in Armour
 15532 | Lair:3   | Reached ***** piety under Elyvilon
 15812 | Lair:3   | Found a hole to the Spider Nest.
 16415 | Lair:3   | Noticed an alligator
 16415 | Lair:3   | a tyrant leech changed into an alligator
 16431 | Lair:3   | Killed an alligator
 16797 | Lair:3   | Found a staircase to the Swamp.
 16964 | Lair:4   | Noticed a seven-headed hydra
 17271 | Lair:4   | Killed a seven-headed hydra
 17295 | Lair:4   | Reached XP level 13. HP: 54/117 MP: 17/19
 17691 | Lair:4   | Noticed Josephine
 17723 | Lair:4   | Noticed Harold
 17734 | Lair:4   | Killed Josephine
 17857 | Lair:4   | Killed Harold
 18437 | Lair:4   | Reached ****** piety under Elyvilon
 18845 | Lair:5   | Got a jewelled quick blade
 18849 | Lair:5   | Identified the +8 quick blade of Profit {pain, rElec} (You found it on level 5 of the Lair of Beasts)
 20706 | Lair:6   | Entered Level 6 of the Lair of Beasts
 20724 | Lair:6   | Found a frozen archway.
 20872 | IceCv    | Entered an ice cave
 21095 | IceCv    | Reached skill level 10 in Invocations
 21118 | IceCv    | Killed a reaper
 22693 | IceCv    | Found the +8 lance "Wyrmbane" {slay drac, rPois rF+ rC+ AC+3}
 23591 | Lair:6   | Reached XP level 14. HP: 106/129 MP: 21/21
 23781 | Lair:6   | Found a runed door.
 23796 | Lair:6   | Found a viscous altar of Jiyva.
 23799 | Lair:6   | Found a staircase to the Slime Pits.
 23799 | Lair:6   | Noticed an azure jelly
 23956 | Lair:6   | Noticed a storm dragon
 23956 | Lair:6   | an eight-headed hydra changed into a storm dragon
 24738 | Lair:6   | Killed a storm dragon
 25353 | Lair:6   | Killed from afar by a rime drake

Vault maps used:
D:1:      elethiomel_arrival_infinity_welcomes_careful_drivers
D:2:      cheibrodos_old_hovel, evilmike_ruin_ashenzari, first_ration,
          uniq_natasha
D:3:      marbit_many_paths, cheibriados_altar_1,
          nicolae_gozag_cash_rules_everything_around_me,
          chequers_ecumenical_altar_island, grunt_ministairs_4
D:4:      zin_scriptorium, grunt_temple_overflow_open, gup_sewer_entry_bowl,
          serial_shops, shop, grunt_dithmenos_smoke_and_mirrors
D:5:      temple_fountains
D:6:      serial_shops, shop, nicolae_shop_waterfront, shop, shop,
          kennysheep_little_box, corexii_shack, minmay_misc_feat_x,
          kennysheep_nub, kennysheep_generic_room_12
D:7:      serial_shops, shop, nicolae_ossuary_entry_false_entrances
D:8:      erik_cavepeople, regret_index_temple_of_mockery,
          dancing_weapons_uskayaw, lemuel_crystal_altar,
          erik_lair_orcish_takeover, uniq_joseph
D:9:      tgw_trog
Lair:1:   beast_lair_carwin_large_3, nicolae_quartered_pool_little, uniq_fannar
Lair:2:   gammafunk_cloud_chamber, grunt_megastairs_1
Lair:3:   minmay_swamp_entry_worms, spider_nest_entry_funnel_web,
          infiniplex_staircase_pool
Lair:4:   st_stairs_6, grunt_megastairs_4, serial_bayou_shore_b, uniq_harold,
          uniq_josephine
Lair:5:   serial_bayou_lagoon_a
Lair:6:   minmay_lair_end_enchanted_forest, slime_altar_2,
          portal_ice_cave_entry_ice_beasts, hibernation_bobbens
Sewer:    kennysheep_door_sewer
IceCv:    ice_cave_small_demon

Skill      XL: |  1  2  3  4  5  6  7  8  9 10 11 12 13 |
---------------+----------------------------------------+-----
Maces & Flails | 1 2 3 4 5 7 9 10 12 13 | 13.9
Fighting       | 4 5 6 8 9 10 11 13 | 13.3
Shields        | 4 5 6 7 8 9 10 12 | 12.4
Armour         | 4 5 6 7 8 9 10 12 | 12.3
Invocations    | 1 4 5 8 10 | 10.8
Long Blades    | |  2.3

Action                   |  1- 3 |  4- 6 |  7- 9 | 10-12 | 13-15 || total
-------------------------+-------+-------+-------+-------+-------++-------
Melee: Long sword        |    13 |       |       |       |       ||    13
       Whip              |    58 |   222 |   444 |  1360 |  1451 ||  3535
       Lance             |       |       |       |       |    34 ||    34
Invok: Lesser Healing    |       |       |       |     7 |       ||     7
       Heal Other        |       |       |       |     3 |       ||     3
       Purification      |       |       |       |     1 |       ||     1
Evoke: Wand              |       |       |       |    13 |     8 ||    21
       Phial of floods   |       |       |       |     1 |       ||     1
  Use: Potion            |     1 |       |     1 |    10 |     7 ||    19
       Scroll            |       |    11 |     3 |     9 |     7 ||    30
 Stab: Invisible         |       |       |       |     1 |       ||     1
  Eat: Chunk             |       |     4 |     3 |    21 |     6 ||    34
       Ration            |       |     1 |     3 |     5 |     6 ||    15
Armor: Scale mail        |    25 |    78 |   109 |   136 |       ||   348
       Plate armour      |       |       |       |   281 |   583 ||   864
Dodge: Dodged            |    19 |    65 |   103 |   242 |   360 ||   789
Block: Shield            |    23 |   120 |   171 |   560 |   726 ||  1600
       Rpst.: Long sword |     2 |       |       |       |       ||     2

Table legend:
 A = Spawn XP
 B = Non-spawn XP
 C = Spawn XP percentage of total XP
 D = Spawn monster count
 E = Non-spawn monster count
 F = Spawn count percentage of total count
 G = Total turns spent on level
                    A         B        C        D         E        F      G
               +---------+---------+-------+---------+---------+-------+---------
         Total |       0 |   64721 |   0.0 |       0 |     476 |   0.0 | 25353
               +---------+---------+-------+---------+---------+-------+---------
           D:1 |       0 |      29 |   0.0 |       0 |      17 |   0.0 |   899
           D:2 |       0 |     269 |   0.0 |       0 |      30 |   0.0 |  1046
           D:3 |       0 |     251 |   0.0 |       0 |      34 |   0.0 |   845
           D:4 |       0 |     153 |   0.0 |       0 |      12 |   0.0 |  1321
           D:5 |       0 |    1161 |   0.0 |       0 |      17 |   0.0 |   921
           D:6 |       0 |     515 |   0.0 |       0 |      10 |   0.0 |   951
           D:7 |       0 |    1207 |   0.0 |       0 |      33 |   0.0 |  1201
           D:8 |       0 |    8980 |   0.0 |       0 |      78 |   0.0 |  3643
           D:9 |       0 |    2007 |   0.0 |       0 |      27 |   0.0 |  1656
        Lair:1 |       0 |    3869 |   0.0 |       0 |      24 |   0.0 |  1362
        Lair:2 |       0 |    5662 |   0.0 |       0 |      33 |   0.0 |  1648
        Lair:3 |       0 |    6582 |   0.0 |       0 |      21 |   0.0 |  1566
        Lair:4 |       0 |    9264 |   0.0 |       0 |      33 |   0.0 |  2204
        Lair:5 |       0 |    7512 |   0.0 |       0 |      26 |   0.0 |  1564
        Lair:6 |       0 |   12682 |   0.0 |       0 |      51 |   0.0 |  1733
         Sewer |       0 |     138 |   0.0 |       0 |       6 |   0.0 |   145
         IceCv |       0 |    4440 |   0.0 |       0 |      24 |   0.0 |  2648
               +---------+---------+-------+---------+---------+-------+---------
